 Dungeon Crawl Stone Soup version 0.21-a0-401-g0b6bec4 (webtiles) character file.

1282 zero the Cleaver (level 8, -11/49 HPs)
             Began as a Gargoyle Berserker on Oct 21, 2017.
             Was a Priest of Trog.
             Mangled by an ogre
             ... wielding a +0 giant club
              (23 damage)
             ... on level 6 of the Dungeon.
             The game lasted 00:04:27 (5267 turns).

zero the Cleaver (Gargoyle Berserker)               Turns: 5267, Time: 00:04:28

Health: -11/49     AC: 15    Str: 22    XL:     8   Next: 54%
Magic:  8/8        EV:  8    Int:  9    God:    Trog [***...]
Gold:   265        SH:  0    Dex:  9    Spells: 7/7 levels left

rFire    . . .     SeeInvis .   a - +0 hand axe
rCold    . . .     Gourm    .   (no shield)
rNeg     + . .     Faith    .   i - +1 chain mail
rPois    ∞         Spirit   .   (no helmet)
rElec    +         Reflect  .   (no cloak)
rCorr    .         Harm     .   (no gloves)
MR       .....                  (no boots)
Stlth    ..........             (no amulet)
HPRegen  0.16/turn              l - ring of flight
MPRegen  0.11/turn              (no ring)

@: berserk cooldown, slowed, very slow
A: negative energy resistance 1, electricity resistance, unbreathing,
petrification resistance, rot immunity, AC +5
a: Berserk, Trog's Hand, Burn Spellbooks, Renounce Religion, Evoke Flight


You were on level 6 of the Dungeon.
You worshipped Trog.
Trog was most pleased with you.
You were very hungry.

You visited 1 branch of the dungeon, and saw 6 of its levels.

You collected 265 gold pieces.

Inventory:

Hand Weapons
 a - a +0 hand axe (weapon)
Armour
 i - a +1 chain mail (worn)
Jewellery
 l - a ring of flight (left hand)
 s - an uncursed ring of see invisible {unknown}
Wands
 h - a wand of confusion (7/48)
 q - a wand of paralysis (11/24)
Scrolls
 b - 2 scrolls of fear
 d - a scroll of enchant armour
 e - 4 scrolls of remove curse
 f - a scroll of teleportation
Potions
 j - a potion of heal wounds {unknown}
 k - a potion of cancellation
 m - 2 potions of curing
 n - 2 potions of flight
 o - a potion of resistance
 p - a potion of haste
 r - 2 potions of degeneration {unknown}
Comestibles
 c - 3 bread rations
 g - a royal jelly


   Skills:
 + Level 5.3 Fighting
 * Level 9.0 Axes
 - Level 2.1 Armour
 - Level 1.5 Dodging


You had 7 spell levels left.
You didn't know any spells.

Dungeon Overview and Level Annotations

Branches:
Dungeon (6/15)
 Temple: D:4-7

Altars:


Innate Abilities, Weirdness & Mutations

You are resistant to torment.
Your stone body is resilient. (AC +5)
You are immune to poison.
You resist negative energy. (rN+)
You are resistant to electric shocks. (rElec)
You can survive without breathing.
You are immune to petrification.
You are immune to rotting.


Message History

The orc wizard blinks!
The ogre closely misses you.
Your chain mail prevents you from hitting the ogre.
The ogre is moderately wounded.
The orc wizard mumbles some strange words.
The orc wizard seems to speed up.
The ogre hits you with a giant club!
You hit the ogre but do no damage.
The ogre is moderately wounded.
The ogre hits you with a giant club!!
* * * LOW HITPOINT WARNING * * *
You are too injured to fight recklessly!
You are too injured to fight recklessly!
You are too injured to fight recklessly!
You are too injured to fight recklessly!
You are too injured to fight recklessly!
The orc wizard gestures wildly while chanting.
The orc wizard blinks!
You see here 7 gold pieces.
You see here a spear.
The ogre hits you with a giant club!!
You die...

#.# #.##
#..####
######.....
#........
#..†.#
#...#
##))##
##@O##
###o## ##)#
##o# ...
#.... ....#
....# ...#


You could see an ogre, an orc wizard and an orc.

Vanquished Creatures
  The ghost of zero the Chopper, a novice GrBe of Trog (D:4)
  Grinder (D:3)
  2 phantoms (D:4)
  A sky beast (D:6)
  An ogre (D:5)
  A scorpion (D:4)
  A hound (D:5)
  2 orc priests
  Natasha (twice) (D:3)
  Terence (D:3)
  An iguana (D:5)
  9 adders
  5 gnolls
  A shadow imp (D:5)
  An ooze (D:3)
  4 worms
  A leopard gecko (D:2)
  11 orcs
  7 giant cockroaches
  12 goblins
  6 hobgoblins
  10 jackals
  3 quokkas
  A ball python (D:3)
  5 bats
  6 frilled lizards
  9 kobolds
  5 rats
110 creatures vanquished.

Vanquished Creatures (others)
  2 fungi (D:6)
2 creatures vanquished.

Grand Total: 112 creatures vanquished

Notes
Turn   | Place    | Note
-------+----------+-------------------------------------------
     0 | D:1      | zero the Gargoyle Berserker began the quest for the Orb.
     0 | D:1      | Reached XP level 1. HP: 14/14 MP: 1/1
   129 | D:1      | Reached skill level 3 in Axes
   241 | D:1      | Reached XP level 2. HP: 9/19 MP: 2/2
   982 | D:2      | Reached XP level 3. HP: 19/23 MP: 3/3
  1063 | D:2      | Reached skill level 4 in Axes
  1248 | D:2      | Reached XP level 4. HP: 10/28 MP: 4/4
  1357 | D:2      | Reached ** piety under Trog
  2182 | D:2      | Reached skill level 5 in Axes
  2225 | D:2      | Reached XP level 5. HP: 32/32 MP: 5/5
  2577 | D:3      | Noticed Grinder
  2584 | D:3      | Paralysed by Grinder for 6 turns
  2593 | D:3      | Paralysed by Grinder for 5 turns
  2602 | D:3      | Killed Grinder
  2602 | D:3      | Reached skill level 6 in Axes
  2602 | D:3      | Reached XP level 6. HP: 22/37 MP: 6/6
  2951 | D:3      | Noticed Natasha
  2961 | D:3      | Killed Natasha
  3045 | D:3      | Noticed Terence
  3054 | D:3      | Killed Terence
  3117 | D:3      | Reached skill level 7 in Axes
  3292 | D:3      | Reached XP level 7. HP: 41/41 MP: 7/7
  3294 | D:3      | Noticed Natasha
  3316 | D:3      | Killed Natasha
  3321 | D:3      | Reached *** piety under Trog
  3904 | D:4      | Noticed zero's ghost (novice GrBe)
  3931 | D:4      | Killed zero's ghost
  3931 | D:4      | Reached skill level 8 in Axes
  3931 | D:4      | Reached XP level 8. HP: 48/48 MP: 8/8
  4525 | D:5      | Entered Level 5 of the Dungeon
  5234 | D:6      | Reached skill level 5 in Fighting
  5238 | D:6      | Reached skill level 9 in Axes
  5267 | D:6      | Mangled by an ogre

Vault maps used:
D:1:      lemuel_arrival_river_ford
D:3:      minmay_wonky_spiral, uniq_terence, uniq_grinder, uniq_natasha
D:5:      first_bread, due_unseen_surprise
D:6:      old_forge, basic_altar

Skill      XL: |  1  2  3  4  5  6  7  8 |
---------------+-------------------------+-----
Axes           | 3 4 5 6 7 8 9 |  9.0
Fighting       | 4 5 |  5.3
Armour         | |  2.1
Dodging        | |  1.5

Action                   |  1- 3 |  4- 6 |  7- 9 || total
-------------------------+-------+-------+-------++-------
Melee: Hand axe          |    97 |   173 |   275 ||   545
Invok: Berserk           |       |     2 |     2 ||     4
       Burn Spellbooks   |       |       |     1 ||     1
 Abil: Evoke Flight      |       |       |     1 ||     1
Evoke: Wand              |       |       |     2 ||     2
  Use: Scroll            |       |       |    15 ||    15
 Stab: Sleeping          |     1 |       |       ||     1
       Confused          |       |       |     2 ||     2
  Eat: Chunk             |     1 |     6 |     2 ||     9
       Fruit             |       |     1 |       ||     1
       Royal jelly       |       |     1 |       ||     1
       Meat ration       |       |       |     1 ||     1
Armor: Animal skin       |     8 |       |       ||     8
       Chain mail        |    54 |   119 |   142 ||   315
Dodge: Dodged            |    51 |    86 |   117 ||   254

Table legend:
 A = Spawn XP
 B = Non-spawn XP
 C = Spawn XP percentage of total XP
 D = Spawn monster count
 E = Non-spawn monster count
 F = Spawn count percentage of total count
 G = Total turns spent on level
                    A         B        C        D         E        F      G
               +---------+---------+-------+---------+---------+-------+---------
         Total |       0 |    1832 |   0.0 |       0 |     110 |   0.0 |  5267
               +---------+---------+-------+---------+---------+-------+---------
           D:1 |       0 |      25 |   0.0 |       0 |      17 |   0.0 |   922
           D:2 |       0 |     150 |   0.0 |       0 |      32 |   0.0 |  1650
           D:3 |       0 |     492 |   0.0 |       0 |      27 |   0.0 |  1088
           D:4 |       0 |     697 |   0.0 |       0 |      18 |   0.0 |   865
           D:5 |       0 |     256 |   0.0 |       0 |       8 |   0.0 |   697
           D:6 |       0 |     212 |   0.0 |       0 |       8 |   0.0 |    45
               +---------+---------+-------+---------+---------+-------+---------
